 Dungeon Crawl Stone Soup version 0.26-a0-278-g3b0d5afba5 (webtiles) character file.

Game seed: 3821159568155700643

484 BritishOli the Skirmisher (level 6, -1/49 HPs)
             Began as a Demonspawn Fighter on July 12, 2020.
             Killed from afar by an orc wizard (8 damage)
             ... with a magic dart
             ... on level 5 of the Dungeon.
             The game lasted 00:04:04 (4586 turns).

BritishOli the Skirmisher (Demonspawn Fighter)      Turns: 4586, Time: 00:04:05

Health: -1/49      AC:  9    Str: 18    XL:     6   Next: 88%
Magic:  6/6        EV:  7    Int:  9    God:
Gold:   120        SH:  9    Dex: 13    Spells: 5/5 levels left

rFire    . . .     SeeInvis .   a - +1 long sword
rCold    + . .     Faith    +   c - +0 kite shield
rNeg     . . .     Spirit   .   b - +0 scale mail
rPois    .         Reflect  .   (helmet restricted)
rElec    .         Harm     .   n - +0 cloak
rCorr    .                      (no gloves)
MR       .....                  (no boots)
Stlth    ..........             y - amulet of faith
HPRegen  0.16/turn              i - ring of wizardry
MPRegen  0.10/turn              k - ring of flight

@: heavily drained
A: antennae 1, slimy green scales 1, cold resistance 1
a: Evoke Flight


You were on level 5 of the Dungeon.
You visited 1 branch of the dungeon, and saw 5 of its levels.

You collected 232 gold pieces.
You spent 112 gold pieces at shops.

Inventory:

Hand Weapons
 a - a +1 long sword (weapon)
Armour
 b - a +0 scale mail (worn)
 c - a +0 kite shield (worn)
 n - a +0 cloak (worn)
Jewellery
 i - a ring of wizardry (left hand)
 k - a ring of flight (right hand)
 y - an amulet of faith (around neck)
Wands
 o - a wand of acid (6)
Scrolls
 e - 2 scrolls of enchant armour
 f - 4 scrolls of teleportation
 g - 5 scrolls of identify
 j - a scroll of blinking
 p - a scroll of fear
 r - a scroll of remove curse
Potions
 d - 2 potions of might
 h - a potion of ambrosia {unknown}
 l - a potion of lignification {unknown}
 m - 3 potions of curing
 q - 3 potions of haste
 s - 3 potions of heal wounds
 v - a potion of berserk rage {unknown}
 x - a potion of flight {unknown}


   Skills:
 + Level 4.7(3.1) Fighting
 + Level 3.6(2.1) Long Blades
 + Level 4.2(2.7) Armour
 + Level 4.2(2.7) Shields


You had 5 spell levels left.
You didn't know any spells.
Your spell library contained the following spells:

 Spells                   Type           Power        Failure   Level
 Apportation              Tloc           #.....       91%         1


Dungeon Overview and Level Annotations

Branches:
Dungeon (5/15)
 Temple: D:4-7

Altars:
Uskayaw
Zin

Shops:
D:4 !


Innate Abilities, Weirdness & Mutations

You have a pair of small antennae on your head.
You are partially covered in slimy green scales. (AC +2)
Your flesh is cold resistant. (rC+)


Message History

Your shield prevents you from hitting the leopard gecko.
The leopard gecko is heavily wounded.
Something hits you.
* * * LOW HITPOINT WARNING * * *
Something hits you but does no damage. The leopard gecko barely misses you.
Something hits you but does no damage.
You hit the leopard gecko.
You kill the leopard gecko!
An orc wizard appears from thin air!
Reactivating autopickup.
The orc wizard hits you but does no damage.
The orc wizard barely misses you.
You riposte.
You hit the orc wizard but do no damage.
You hit the orc wizard but do no damage.
The orc wizard is no longer moving quickly.
The orc wizard mumbles some strange words.
The orc wizard seems to speed up.
The orc wizard gestures at you while chanting.
The magic dart hits you!
You die...

##.. .#. .
... .. ..
...#####.###
...........
......[††#
......)@#
......)o#
........#
..####### .


You could see an orc wizard (fast).

Vanquished Creatures
  A bullfrog (D:2)
  Blork the orc (D:4)
  An orc priest (D:4)
  2 jellies (D:4)
  Jessica (D:3)
  An orc wizard (D:3)
  A worker ant (D:5)
  3 adders
  10 oozes
  An adder skeleton (D:4)
  4 worms
  4 dart slugs (D:1)
  2 leopard geckos
  15 orcs
  7 bats
  6 giant cockroaches
  4 goblins
  9 hobgoblins
  2 quokkas
  A ball python (D:4)
  10 frilled lizards
  15 kobolds
  4 rats
105 creatures vanquished.

Vanquished Creatures (others)
  2 fungi (D:4)
  5 toadstools (D:4)
7 creatures vanquished.

Grand Total: 112 creatures vanquished

Notes
Turn   | Place    | Note
-------+----------+-------------------------------------------
     0 | D:1      | BritishOli the Demonspawn Fighter began the quest for the
                  | Orb.
     0 | D:1      | Reached XP level 1. HP: 18/18 MP: 1/1
   174 | D:1      | Gained mutation: You have a pair of small antennae on your
                  | head. [demonic ancestry]
   174 | D:1      | Reached XP level 2. HP: 21/24 MP: 2/2
   683 | D:1      | Reached XP level 3. HP: 12/29 MP: 3/3
  1363 | D:2      | Noticed a bullfrog
  1382 | D:2      | Killed a bullfrog
  1382 | D:2      | Reached XP level 4. HP: 6/36 MP: 4/4
  1802 | D:2      | Found a glowing silver altar of Zin.
  2279 | D:2      | Gained mutation: Your flesh is cold resistant. (rC+)
                  | [demonic ancestry]
  2279 | D:2      | Reached XP level 5. HP: 42/42 MP: 5/5
  2820 | D:3      | Noticed Jessica
  2825 | D:3      | Killed Jessica
  2832 | D:3      | Identified Jessica's Disquisition on the Compass
  3633 | D:4      | Noticed Blork the orc
  3635 | D:4      | Gained mutation: You are partially covered in slimy green
                  | scales. (AC +2) [demonic ancestry]
  3635 | D:4      | Reached XP level 6. HP: 48/48 MP: 6/6
  3644 | D:4      | Killed Blork the orc
  4188 | D:4      | Found a hide-covered altar of Uskayaw.
  4224 | D:4      | Found Ohefugul's Distillery.
  4246 | D:4      | Got an ancient hunting sling
  4247 | D:4      | Identified the cursed +1 hunting sling of Honykhur {flame,
                  | *Drain rF+ MP+9 Dex+4} (You found it on level 4 of the
                  | Dungeon)
  4283 | D:4      | Bought a potion of curing for 42 gold pieces
  4283 | D:4      | Bought a potion of heal wounds for 70 gold pieces
  4558 | D:5      | Entered Level 5 of the Dungeon
  4586 | D:5      | Killed from afar by an orc wizard

Illustrated notes

Levels and vault maps discovered:
D:1:      onia_arrival_pyramid, layout_loops_ring, minmay_door_square,
          fountainhead
D:2:      layout_loops_ring, old_standard_altar
D:3:      layout_rooms, kennysheep_jessica_study
D:4:      cheibrodos_fertilizer, layout_rooms, eat_drink_and_be_merry_uskayaw,
          serial_shops, nicolae_shop_statue_plus, item_on_display_a,
          uniq_blork_the_orc
D:5:      minmay_clustersquares, layout_rooms, tso_metal_star, bloody_trog

Skill      XL: |  1  2  3  4  5  6 |
---------------+-------------------+-----
Long Blades    | 2 3 |  3.6
Armour         | 3 4 |  4.2
Shields        | 3 4 |  4.2
Fighting       | 4 |  4.7

Action                   |  1- 3 |  4- 6 || total
-------------------------+-------+-------++-------
Melee: Long sword        |   113 |   289 ||   402
  Use: Scroll            |       |     8 ||     8
Armor: Scale mail        |    51 |   195 ||   246
Dodge: Dodged            |    30 |    86 ||   116
Block: Kite shield       |    63 |   179 ||   242
       Rpst.: Long sword |     9 |    28 ||    37

Table legend:
 A = Non-vault XP
 B = Vault XP
 C = Vault XP percentage of total XP
 D = Non-vault monster count
 E = Vault monster count
 F = Vault count percentage of total count
                 A         B        C        D         E       F
            +---------+---------+-------+---------+---------+-------
      Total |     422 |     270 |  39.0 |      85 |      20 |  19.0
            +---------+---------+-------+---------+---------+-------
        D:1 |      48 |       0 |   0.0 |      26 |       0 |   0.0
        D:2 |     150 |       0 |   0.0 |      20 |       0 |   0.0
        D:3 |      88 |      39 |  30.7 |      16 |       2 |  11.1
        D:4 |      86 |     231 |  72.9 |      16 |      18 |  52.9
        D:5 |      50 |       0 |   0.0 |       7 |       0 |   0.0
            +---------+---------+-------+---------+---------+-------
